AoeStats
← Luciano24cm

Arena

510144760Analyzed
4v4 RM · 2d ago on Sep 29, 2026· 49m 4s· 8 players
Game mode
Random Map
Map size
Large (8 player)
Population
200
Speed
Normal
Resources
Standard
Victory
Conquest
Starting age
Dark Age
Ending age
Imperial Age
RankedLock teamsTeams togetherTeam positionsShared explorationLock speedFull tech treeHidden civsTurbo modeCheats
Victory
Defeat
🇦🇷 Lithuanians · Argentina
629
+15
🇺🇸 Koreans · United States
607
+16
🇹🇷 Vietnamese · Türkiye
594
+16
🇳🇱 Gurjaras · Netherlands
527
+18
🇮🇳 Persians · India
668
-19
🇮🇳 Mongols · India
592
-16
🇮🇳 Huns · India
592
-16
🇮🇳 Burgundians · India
543
-14
harrold sweigermeister
10:42 Feudal Age
12:18 Wheelbarrow
11:57 Double-Bit Axe
12:21 Horse Collar
22:11 Man-at-Arms
25:17 Castle Age
24:52 Scale Mail Armor
26:24 Forging
27:22 Heavy Plow
27:43 Bow Saw
28:49 Hand Cart
32:12 Long Swordsman
34:32 Stone Mining
45:03 Imperial Age
thefriend
14:29 Feudal Age
19:52 Castle Age
18:32 Double-Bit Axe
18:39 Gold Mining
23:16 Crossbowman
24:02 Thumb Ring
24:21 Bow Saw
26:36 Horse Collar
31:49 Ballistics
31:10 Treadmill Crane
39:09 Imperial Age
37:31 Fletching
39:49 Arbalester
41:33 Chemistry
41:02 Arrowslits
48:04 Siphons
Luciano24cm
6:12 Loom
9:21 Feudal Age
10:08 Double-Bit Axe
19:01 Castle Age
17:15 Horse Collar
17:58 Gold Mining
20:06 Bow Saw
25:21 Fervor
30:24 Imperial Age
28:45 Wheelbarrow
27:56 Town Watch
28:33 Heavy Plow
28:35 Stone Mining
29:39 Coinage
30:06 Stone Shaft Mining
29:54 Hand Cart
29:40 Town Patrol
30:24 Town Patrol
31:58 Crop Rotation
32:46 Two-Man Saw
32:10 Scale Barding Armor
32:15 Forging
33:13 Fortified Wall
32:58 Murder Holes
33:25 Chain Barding Armor
33:10 Elite Leitis
34:33 Iron Casting
34:42 Bloodlines
34:32 Husbandry
36:56 Plate Barding Armor
36:12 Fletching
36:22 Padded Archer Armor
40:53 Hill Forts
40:53 Tower Shields
41:54 Conscription
42:24 Hoardings
42:02 Guilds
42:23 Banking
42:04 Caravan
43:22 Clinker Construction
43:23 Careening
43:17 Devotion
43:38 Heresy
44:37 Carvel Hull
45:14 Faith
45:17 Dry Dock
45:08 Masonry
44:50 Guard Tower
46:01 Chemistry
48:42 Redemption
48:32 Atonement
49:08 Theocracy
48:29 Herbal Medicine
48:50 Block Printing
48:55 Sanctity
49:01 Illumination
49:17 Keep
48:04 Cavalier
48:05 Light Cavalry
48:08 Man-at-Arms
48:08 Pikeman
48:51 Scale Mail Armor
49:07 Leather Archer Armor
48:47 Bodkin Arrow
FENERBAHCE
17:13 Feudal Age
23:30 Castle Age
28:52 Stone Mining
28:53 Gold Mining
28:58 Double-Bit Axe
29:03 Horse Collar
31:40 Heavy Plow
31:58 Bow Saw
42:33 Imperial Age
40:41 Wheelbarrow
39:52 Town Watch
39:53 Loom
42:08 Chatras
42:41 Forging
42:32 Scale Mail Armor
42:37 Scale Barding Armor
42:33 Padded Archer Armor
42:24 Fletching
42:37 Elite Rattan Archer
43:38 Paper Money
43:58 Sappers
FullestOx956066
12:40 Feudal Age
17:02 Double-Bit Axe
19:33 Horse Collar
21:56 Castle Age
23:03 Husbandry
24:14 Bloodlines
24:24 Gold Mining
24:38 Heavy Plow
28:35 Gold Shaft Mining
32:24 Bow Saw
33:26 Stone Mining
38:08 Imperial Age
38:15 Cavalier
39:47 Paladin
ankitsahoo7815
4:51 Loom
11:38 Feudal Age
13:04 Double-Bit Axe
13:32 Horse Collar
18:48 Castle Age
16:41 Gold Mining
20:04 Bow Saw
21:41 Stone Mining
22:04 Heavy Plow
34:56 Imperial Age
34:17 Wheelbarrow
34:53 Ballistics
36:11 Hand Cart
36:28 Forging
36:19 Padded Archer Armor
36:09 Fletching
37:50 Caravan
39:07 Gold Shaft Mining
39:08 Stone Shaft Mining
39:08 Drill
38:38 Cavalier
39:55 Heavy Camel Rider
41:07 Scale Mail Armor
41:14 Scale Barding Armor
43:06 Iron Casting
42:47 Chain Mail Armor
42:54 Chain Barding Armor
43:09 Bloodlines
43:22 Murder Holes
43:38 Fortified Wall
43:59 Elite Mangudai
Sukshi macchli
0:27 Loom
13:07 Feudal Age
14:37 Wheelbarrow
13:48 Town Watch
13:45 Horse Collar
13:51 Double-Bit Axe
14:23 Stone Mining
14:53 Gold Mining
22:38 Castle Age
22:25 Forging
22:20 Scale Barding Armor
23:58 Hand Cart
23:44 Town Patrol
24:58 Bow Saw
25:19 Heavy Plow
FlatLlama112580
1:41 Loom
13:38 Feudal Age
16:10 Horse Collar
16:18 Double-Bit Axe
18:16 Heavy Plow
20:14 Bow Saw
25:03 Castle Age
23:09 Stone Mining
23:10 Gold Mining
24:36 Stone Shaft Mining
24:37 Gold Shaft Mining
27:52 Two-Man Saw
27:25 Crop Rotation
Connection lost

Rejoining the realm…

Still unreachable

The connection could not be restored.

Session expired

The server has moved on; the page needs a fresh start.